%YAML 1.1
%TAG !u! tag:unity3d.com,2011:
--- !u!1 &217805865
GameObject:
  m_ObjectHideFlags: 0
  m_CorrespondingSourceObject: {fileID: 0}
  m_PrefabInstance: {fileID: 0}
  m_PrefabAsset: {fileID: 0}
  serializedVersion: 6
  m_Component:
  - component: {fileID: 217805866}
  - component: {fileID: 217805867}
  m_Layer: 0
  m_Name: Firepoint
  m_TagString: Untagged
  m_Icon: {fileID: 0}
  m_NavMeshLayer: 0
  m_StaticEditorFlags: 0
  m_IsActive: 1
--- !u!4 &217805866
Transform:
  m_ObjectHideFlags: 0
  m_CorrespondingSourceObject: {fileID: 0}
  m_PrefabInstance: {fileID: 0}
  m_PrefabAsset: {fileID: 0}
  m_GameObject: {fileID: 217805865}
  m_LocalRotation: {x: 0, y: 0, z: -0.052335896, w: 0.9986295}
  m_LocalPosition: {x: 0.6, y: 0.5, z: 0}
  m_LocalScale: {x: 0.19999999, y: 0.20000002, z: 1}
  m_Children: []
  m_Father: {fileID: 3723677335419531425}
  m_RootOrder: 1
  m_LocalEulerAnglesHint: {x: 0, y: 0, z: -6}
--- !u!114 &217805867
MonoBehaviour:
  m_ObjectHideFlags: 0
  m_CorrespondingSourceObject: {fileID: 0}
  m_PrefabInstance: {fileID: 0}
  m_PrefabAsset: {fileID: 0}
  m_GameObject: {fileID: 217805865}
  m_Enabled: 1
  m_EditorHideFlags: 0
  m_Script: {fileID: 11500000, guid: 594e97e62605e8b4ca223fa554baa76c, type: 3}
  m_Name: 
  m_EditorClassIdentifier: 
  firePoint: {fileID: 217805866}
  bulletPrefab: {fileID: 5824679660808130372, guid: 13f68d0e33fb5ca48afddf137dedd766, type: 3}
  bulletForce: 15
  firerate: 1
--- !u!1 &428413097
GameObject:
  m_ObjectHideFlags: 0
  m_CorrespondingSourceObject: {fileID: 0}
  m_PrefabInstance: {fileID: 0}
  m_PrefabAsset: {fileID: 0}
  serializedVersion: 6
  m_Component:
  - component: {fileID: 428413098}
  - component: {fileID: 428413099}
  m_Layer: 0
  m_Name: Firepoint (1)
  m_TagString: Untagged
  m_Icon: {fileID: 0}
  m_NavMeshLayer: 0
  m_StaticEditorFlags: 0
  m_IsActive: 1
--- !u!4 &428413098
Transform:
  m_ObjectHideFlags: 0
  m_CorrespondingSourceObject: {fileID: 0}
  m_PrefabInstance: {fileID: 0}
  m_PrefabAsset: {fileID: 0}
  m_GameObject: {fileID: 428413097}
  m_LocalRotation: {x: 0, y: 0, z: 0.052335896, w: 0.9986295}
  m_LocalPosition: {x: -0.6, y: 0.5, z: 0}
  m_LocalScale: {x: 0.19999994, y: 0.19999996, z: 1}
  m_Children: []
  m_Father: {fileID: 3723677335419531425}
  m_RootOrder: 2
  m_LocalEulerAnglesHint: {x: 0, y: 0, z: 6}
--- !u!114 &428413099
MonoBehaviour:
  m_ObjectHideFlags: 0
  m_CorrespondingSourceObject: {fileID: 0}
  m_PrefabInstance: {fileID: 0}
  m_PrefabAsset: {fileID: 0}
  m_GameObject: {fileID: 428413097}
  m_Enabled: 1
  m_EditorHideFlags: 0
  m_Script: {fileID: 11500000, guid: 594e97e62605e8b4ca223fa554baa76c, type: 3}
  m_Name: 
  m_EditorClassIdentifier: 
  firePoint: {fileID: 428413098}
  bulletPrefab: {fileID: 5824679660808130372, guid: 13f68d0e33fb5ca48afddf137dedd766, type: 3}
  bulletForce: 15
  firerate: 1
--- !u!1 &750912827
GameObject:
  m_ObjectHideFlags: 0
  m_CorrespondingSourceObject: {fileID: 0}
  m_PrefabInstance: {fileID: 0}
  m_PrefabAsset: {fileID: 0}
  serializedVersion: 6
  m_Component:
  - component: {fileID: 750912828}
  - component: {fileID: 750912829}
  m_Layer: 0
  m_Name: Firepoint (3)
  m_TagString: Untagged
  m_Icon: {fileID: 0}
  m_NavMeshLayer: 0
  m_StaticEditorFlags: 0
  m_IsActive: 1
--- !u!4 &750912828
Transform:
  m_ObjectHideFlags: 0
  m_CorrespondingSourceObject: {fileID: 0}
  m_PrefabInstance: {fileID: 0}
  m_PrefabAsset: {fileID: 0}
  m_GameObject: {fileID: 750912827}
  m_LocalRotation: {x: 0, y: 0, z: 0.026176924, w: 0.99965733}
  m_LocalPosition: {x: -0.3, y: 0.8, z: 0}
  m_LocalScale: {x: 0.19999999, y: 0.20000002, z: 1}
  m_Children: []
  m_Father: {fileID: 3723677335419531425}
  m_RootOrder: 4
  m_LocalEulerAnglesHint: {x: 0, y: 0, z: 3}
--- !u!114 &750912829
MonoBehaviour:
  m_ObjectHideFlags: 0
  m_CorrespondingSourceObject: {fileID: 0}
  m_PrefabInstance: {fileID: 0}
  m_PrefabAsset: {fileID: 0}
  m_GameObject: {fileID: 750912827}
  m_Enabled: 1
  m_EditorHideFlags: 0
  m_Script: {fileID: 11500000, guid: 594e97e62605e8b4ca223fa554baa76c, type: 3}
  m_Name: 
  m_EditorClassIdentifier: 
  firePoint: {fileID: 750912828}
  bulletPrefab: {fileID: 5824679660808130372, guid: 13f68d0e33fb5ca48afddf137dedd766, type: 3}
  bulletForce: 15
  firerate: 1
--- !u!1 &1862697989
GameObject:
  m_ObjectHideFlags: 0
  m_CorrespondingSourceObject: {fileID: 0}
  m_PrefabInstance: {fileID: 0}
  m_PrefabAsset: {fileID: 0}
  serializedVersion: 6
  m_Component:
  - component: {fileID: 1862697990}
  - component: {fileID: 1862697991}
  m_Layer: 0
  m_Name: Firepoint (2)
  m_TagString: Untagged
  m_Icon: {fileID: 0}
  m_NavMeshLayer: 0
  m_StaticEditorFlags: 0
  m_IsActive: 1
--- !u!4 &1862697990
Transform:
  m_ObjectHideFlags: 0
  m_CorrespondingSourceObject: {fileID: 0}
  m_PrefabInstance: {fileID: 0}
  m_PrefabAsset: {fileID: 0}
  m_GameObject: {fileID: 1862697989}
  m_LocalRotation: {x: 0, y: 0, z: -0.026176924, w: 0.99965733}
  m_LocalPosition: {x: 0.3, y: 0.8, z: 0}
  m_LocalScale: {x: 0.19999999, y: 0.20000002, z: 1}
  m_Children: []
  m_Father: {fileID: 3723677335419531425}
  m_RootOrder: 3
  m_LocalEulerAnglesHint: {x: 0, y: 0, z: -3}
--- !u!114 &1862697991
MonoBehaviour:
  m_ObjectHideFlags: 0
  m_CorrespondingSourceObject: {fileID: 0}
  m_PrefabInstance: {fileID: 0}
  m_PrefabAsset: {fileID: 0}
  m_GameObject: {fileID: 1862697989}
  m_Enabled: 1
  m_EditorHideFlags: 0
  m_Script: {fileID: 11500000, guid: 594e97e62605e8b4ca223fa554baa76c, type: 3}
  m_Name: 
  m_EditorClassIdentifier: 
  firePoint: {fileID: 1862697990}
  bulletPrefab: {fileID: 5824679660808130372, guid: 13f68d0e33fb5ca48afddf137dedd766, type: 3}
  bulletForce: 15
  firerate: 1
--- !u!1 &3723677335049773640
GameObject:
  m_ObjectHideFlags: 0
  m_CorrespondingSourceObject: {fileID: 0}
  m_PrefabInstance: {fileID: 0}
  m_PrefabAsset: {fileID: 0}
  serializedVersion: 6
  m_Component:
  - component: {fileID: 3723677335049773643}
  - component: {fileID: 3723677335049773642}
  m_Layer: 0
  m_Name: Firepoint
  m_TagString: Untagged
  m_Icon: {fileID: 0}
  m_NavMeshLayer: 0
  m_StaticEditorFlags: 0
  m_IsActive: 1
--- !u!4 &3723677335049773643
Transform:
  m_ObjectHideFlags: 0
  m_CorrespondingSourceObject: {fileID: 0}
  m_PrefabInstance: {fileID: 0}
  m_PrefabAsset: {fileID: 0}
  m_GameObject: {fileID: 3723677335049773640}
  m_LocalRotation: {x: 0, y: 0, z: 0, w: 1}
  m_LocalPosition: {x: 0, y: 1, z: -0.5372634}
  m_LocalScale: {x: 0.19999996, y: 0.19999996, z: 1}
  m_Children: []
  m_Father: {fileID: 3723677335419531425}
  m_RootOrder: 0
  m_LocalEulerAnglesHint: {x: 0, y: 0, z: 0}
--- !u!114 &3723677335049773642
MonoBehaviour:
  m_ObjectHideFlags: 0
  m_CorrespondingSourceObject: {fileID: 0}
  m_PrefabInstance: {fileID: 0}
  m_PrefabAsset: {fileID: 0}
  m_GameObject: {fileID: 3723677335049773640}
  m_Enabled: 1
  m_EditorHideFlags: 0
  m_Script: {fileID: 11500000, guid: 594e97e62605e8b4ca223fa554baa76c, type: 3}
  m_Name: 
  m_EditorClassIdentifier: 
  firePoint: {fileID: 3723677335049773643}
  bulletPrefab: {fileID: 5824679660808130372, guid: 13f68d0e33fb5ca48afddf137dedd766, type: 3}
  bulletForce: 15
  firerate: 1
--- !u!1 &3723677335419531422
GameObject:
  m_ObjectHideFlags: 0
  m_CorrespondingSourceObject: {fileID: 0}
  m_PrefabInstance: {fileID: 0}
  m_PrefabAsset: {fileID: 0}
  serializedVersion: 6
  m_Component:
  - component: {fileID: 3723677335419531425}
  - component: {fileID: 3723677335419531424}
  m_Layer: 0
  m_Name: WideBarrel
  m_TagString: Untagged
  m_Icon: {fileID: 0}
  m_NavMeshLayer: 0
  m_StaticEditorFlags: 0
  m_IsActive: 1
--- !u!4 &3723677335419531425
Transform:
  m_ObjectHideFlags: 0
  m_CorrespondingSourceObject: {fileID: 0}
  m_PrefabInstance: {fileID: 0}
  m_PrefabAsset: {fileID: 0}
  m_GameObject: {fileID: 3723677335419531422}
  m_LocalRotation: {x: 0, y: 0, z: 0, w: 1}
  m_LocalPosition: {x: -0.59, y: -2.6475163, z: 0}
  m_LocalScale: {x: 1.6005, y: 0.4873, z: 1}
  m_Children:
  - {fileID: 3723677335049773643}
  - {fileID: 217805866}
  - {fileID: 428413098}
  - {fileID: 1862697990}
  - {fileID: 750912828}
  m_Father: {fileID: 0}
  m_RootOrder: 0
  m_LocalEulerAnglesHint: {x: 0, y: 0, z: 0}
--- !u!212 &3723677335419531424
SpriteRenderer:
  m_ObjectHideFlags: 0
  m_CorrespondingSourceObject: {fileID: 0}
  m_PrefabInstance: {fileID: 0}
  m_PrefabAsset: {fileID: 0}
  m_GameObject: {fileID: 3723677335419531422}
  m_Enabled: 1
  m_CastShadows: 0
  m_ReceiveShadows: 0
  m_DynamicOccludee: 1
  m_MotionVectors: 1
  m_LightProbeUsage: 1
  m_ReflectionProbeUsage: 1
  m_RayTracingMode: 0
  m_RayTraceProcedural: 0
  m_RenderingLayerMask: 1
  m_RendererPriority: 0
  m_Materials:
  - {fileID: 10754, guid: 0000000000000000f000000000000000, type: 0}
  m_StaticBatchInfo:
    firstSubMesh: 0
    subMeshCount: 0
  m_StaticBatchRoot: {fileID: 0}
  m_ProbeAnchor: {fileID: 0}
  m_LightProbeVolumeOverride: {fileID: 0}
  m_ScaleInLightmap: 1
  m_ReceiveGI: 1
  m_PreserveUVs: 0
  m_IgnoreNormalsForChartDetection: 0
  m_ImportantGI: 0
  m_StitchLightmapSeams: 1
  m_SelectedEditorRenderState: 0
  m_MinimumChartSize: 4
  m_AutoUVMaxDistance: 0.5
  m_AutoUVMaxAngle: 89
  m_LightmapParameters: {fileID: 0}
  m_SortingLayerID: 0
  m_SortingLayer: 0
  m_SortingOrder: 0
  m_Sprite: {fileID: 21300000, guid: 56acb1bfd0b1049e89df9be859dc3615, type: 3}
  m_Color: {r: 0.74509805, g: 0.699943, b: 0.10980393, a: 1}
  m_FlipX: 0
  m_FlipY: 0
  m_DrawMode: 0
  m_Size: {x: 0.3, y: 0.32}
  m_AdaptiveModeThreshold: 0.5
  m_SpriteTileMode: 0
  m_WasSpriteAssigned: 1
  m_MaskInteraction: 0
  m_SpriteSortPoint: 0
